 Dungeon Crawl Stone Soup version 0.24.0-37-gcf1ca852f1 (webtiles) character file.

Game seed: 18139751879645785361, levelgen mode: deterministic

409 PentaManta the Chopper (level 6, -2/55 HPs)
             Began as a Draconian Monk on Nov 30, 2019.
             Slain by Grinder (4 damage)
             ... on level 4 of the Dungeon.
             The game lasted 00:10:01 (3391 turns).

PentaManta the Chopper (Draconian Monk)             Turns: 3391, Time: 00:10:02

Health: -2/55      AC:  9    Str: 16    XL:     6   Next: 58%
Magic:  6/6        EV: 14    Int: 10    God:
Gold:   119        SH:  0    Dex: 13    Spells: 5/5 levels left

rFire    . . .     SeeInvis .   t - +2 hand axe (chop)
rCold    . . .     Gourm    .   (no shield)
rNeg     . . .     Faith    .   (armour unavailable)
rPois    .         Spirit   .   (helmet restricted)
rElec    .         Reflect  .   i - +0 cloak
rCorr    .         Harm     .   e - +1 pair of gloves
MR       .....                  (no boots)
Stlth    ++........             (no amulet)
HPRegen  0.18/turn              (no ring)
MPRegen  0.10/turn              (no ring)

@: no status effects
A: unfitting armour, cold-blooded, AC +6
a: no special abilities


You were on level 4 of the Dungeon.
You were not hungry.

You visited 1 branch of the dungeon, and saw 4 of its levels.
You also visited: Sewer.

You collected 119 gold pieces.

Inventory:

Hand Weapons
 t - a +2 hand axe of chopping (weapon)
Missiles
 d - 7 poisoned darts (quivered)
Armour
 e - a +1 pair of gloves (worn)
 i - a +0 cloak (worn)
Scrolls
 c - a scroll of enchant armour
 f - a scroll of remove curse
 g - a scroll of immolation
 k - a scroll of teleportation
 l - a scroll of fear
Potions
 a - a potion of experience {unknown}
 j - a potion of agility {unknown}
 m - 2 potions of curing
 n - a potion of invisibility
 o - 2 potions of ambrosia {unknown}
 q - a potion of berserk rage {unknown}
 r - 2 potions of flight {unknown}
 s - 2 potions of brilliance {unknown}
 u - a potion of heal wounds {unknown}
Comestibles
 b - 5 rations
 h - a chunk of flesh


   Skills:
 + Level 4.9 Fighting
 * Level 5.7 Axes
 + Level 4.0 Dodging
 - Level 1.7 Stealth


You had 5 spell levels left.
You didn't know any spells.
Your spell library was empty.

Dungeon Overview and Level Annotations

Branches:
Dungeon (4/15)              Sewer (visited)
 Temple: D:4-7

Altars:
Fedhas

Annotations:
D:4 Grinder


Innate Abilities, Weirdness & Mutations

Your plain brown scales are hard. (AC +6)
You cannot fit into any form of body armour.
You are cold-blooded and may be slowed by cold attacks.


Message History

Grinder is moderately wounded.
Grinder hits you!
You writhe in agony.
* * * LOW HITPOINT WARNING * * *
You barely miss Grinder. You tail-slap Grinder.
Grinder is moderately wounded.
Grinder completely misses you.
You hit Grinder but do no damage.
Grinder is moderately wounded.
Grinder hits you but does no damage.
You hit Grinder.
Grinder is heavily wounded.
Grinder gestures at you. Pain shoots through your body!
* * * LOW HITPOINT WARNING * * *
You hit Grinder.
Grinder is severely wounded.
Grinder hits you.
* * * LOW HITPOINT WARNING * * *
You writhe in agony.
You die...

#.# #.. #.#
#.# #.# #.#
#5# #.
#####@# #.#
#.....# #.#
#.##### #.#
#.# ### #.#
#.# ...#.#
#.#
#####.#.###
#.#
#........<.
#.#
...#.#.###
#.# #.#


You could see Grinder.

Vanquished Creatures
  A phantom (D:4)
  An orc priest (D:3)
  3 worker ants (D:4)
  Robin (D:3)
  2 river rats (D:3)
  3 adders
  8 oozes
  6 worms
  2 dart slugs
  9 orcs (D:3)
  3 ball pythons (Sewer)
  4 giant cockroaches
  15 hobgoblins
  A quokka (D:3)
  9 bats
  5 frilled lizards
  16 goblins
  9 kobolds
  14 rats
112 creatures vanquished.

Notes
Turn   | Place    | Note
-------+----------+-------------------------------------------
     0 | D:1      | PentaManta the Draconian Monk began the quest for the Orb.
     0 | D:1      | Reached XP level 1. HP: 19/19 MP: 1/1
    32 | D:1      | Reached XP level 2. HP: 9/26 MP: 2/2
   588 | D:1      | Reached XP level 3. HP: 31/31 MP: 3/3
  1032 | D:2      | Reached skill level 4 in Axes
  1074 | D:2      | Reached XP level 4. HP: 24/40 MP: 4/4
  1500 | D:3      | Found a glowing drain.
  1532 | Sewer    | Entered a sewer
  1801 | Sewer    | Reached XP level 5. HP: 19/46 MP: 5/5
  2338 | D:3      | Reached skill level 5 in Axes
  2371 | D:3      | Noticed Robin
  2514 | D:3      | Killed Robin
  2827 | D:3      | Found a blossoming altar of Fedhas.
  2883 | D:4      | Reached XP level 6. HP: 29/53 MP: 6/6
  3379 | D:4      | Noticed Grinder
  3391 | D:4      | HP: 2/55 [Grinder (2)]
  3391 | D:4      | Slain by Grinder

Levels and vault maps discovered:
D:1:      scummos_arrival_star, layout_rooms, st_stairs_11,
          minmay_strange_pillars
D:2:      layout_loops_ring
D:3:      layout_rooms, lemuel_coloured_pillars_altar, portal_sewer_entry_a,
          uniq_robin
D:4:      layout_basic, chequers_temple_overflow_minitemple, uniq_grinder,
          uniq_edmund

Skill      XL: |  1  2  3  4  5  6 |
---------------+-------------------+-----
Dodging        | 3 4 |  4.0
Axes           | 4 5 |  5.7
Fighting       | 4 |  4.9
Stealth        | |  1.7

Action                   |  1- 3 |  4- 6 || total
-------------------------+-------+-------++-------
Melee: Hand axe          |   141 |   220 ||   361
       Tailslap          |    17 |    19 ||    36
  Use: Scroll            |       |    11 ||    11
       Potion            |       |     1 ||     1
 Stab: Sleeping          |     8 |     3 ||    11
       Distracted        |     1 |       ||     1
       Invisible         |       |     2 ||     2
  Eat: Chunk             |       |     5 ||     5
       Ration            |       |     1 ||     1
Armor: Skin              |    23 |    69 ||    92
Dodge: Dodged            |    91 |   152 ||   243
